TOP OF THE 1ST |
Nashville Outlaws batting - Pitching for Thunder Bay Northern Lions BC : RHP Sakutaro Ohayashi
|
Pitching: RHP Sakutaro Ohayashi
|
|
Batting: LHB Bartolo Soto
|
0-0: Ground out 1-3 (Groundball, P, EV 87.5 MPH)
|
Batting: RHB Dale Goodman
|
0-0: Ball 1-0: Swinging Strike 1-1: Ground out 5-3 (Groundball, 56S, EV 72.5 MPH)
|
Batting: RHB Jerry Yates
|
0-0: Called Strike 0-1: Foul Ball, location: 2F 0-2: Ground out 6-3 (Groundball, 6, EV 83.8 MPH)
|
Top of the 1st over - 0 runs, 0 hits, 0 errors, 0 left on base; Nashville 0 - Thunder Bay 0 |
BOTTOM OF THE 1ST |
Thunder Bay Northern Lions BC batting - Pitching for Nashville Outlaws : LHP Craig Fitzgerald
|
Pitching: LHP Craig Fitzgerald
|
|
Batting: RHB Joe Aller
|
0-0: Called Strike 0-1: SINGLE (Groundball, 15S, EV 68.8 MPH) (infield hit)
|
Batting: LHB Ramón Padilla
|
0-0: Ball 1-0: Fly out, F8 (Flyball, 8RS, EV 87.5 MPH)
|
Batting: LHB Jorge Herrera
|
0-0: Called Strike 0-1: Fielders Choice at 2nd, 1-4 (Groundball, 15S, EV 77.5 MPH)
|
Batting: RHB Jason Slaybaugh
|
0-0: SINGLE (Groundball, 6D, EV 100.0 MPH) Jorge Herrera to second
|
Batting: RHB Hsi-men King
|
0-0: Foul Ball, location: 2F 0-1: SINGLE (Flyball, 78M, EV 91.2 MPH) Jorge Herrera to third Jason Slaybaugh to second Runner from 3rd tries for Home, SAFE, throw by LF to home
|
Batting: RHB Naganori Takahashi
|
0-0: Called Strike 0-1: Ball 1-1: Ball 2-1: Foul Ball, location: 2F 2-2: Ball 3-2: SINGLE (Flyball, 8LS, EV 93.8 MPH) Jason Slaybaugh to third Hsi-men King to second Jason Slaybaugh scores Hsi-men King to third
|
Batting: LHB Kevin de Bruyne
|
0-0: Foul Ball, location: 2F 0-1: SINGLE (Groundball, 56D, EV 103.1 MPH) Hsi-men King scores Naganori Takahashi to second
|
Batting: LHB Barry Flauker
|
0-0: SINGLE (Line Drive, 7S, EV 105.0 MPH) Naganori Takahashi to third Kevin de Bruyne to second Runner from 3rd tries for Home, SAFE, no throw by LF
|
Batting: LHB Tullu Amaad
|
0-0: Ball 1-0: Ground out 4-3 (Groundball, 4, EV 101.2 MPH)
|
Bottom of the 1st over - 4 runs, 6 hits, 0 errors, 2 left on base; Nashville 0 - Thunder Bay 4 |
TOP OF THE 2ND |
Nashville Outlaws batting - Pitching for Thunder Bay Northern Lions BC : RHP Sakutaro Ohayashi
|
Batting: RHB Javier Sierra
|
0-0: Called Strike 0-1: Ball 1-1: Ball 2-1: Foul Ball, location: 2F 2-2: Fly out, F8 (Line Drive, 8LD, EV 90.0 MPH)
|
Batting: LHB Tom Burton
|
0-0: Ball 1-0: Fly out, F8 (Line Drive, 8LD, EV 91.2 MPH)
|
Batting: RHB Sadakuno Hashimoto
|
0-0: Ball 1-0: Called Strike 1-1: Swinging Strike 1-2: Foul Ball, location: 2F 1-2: Ball 2-2: Strikes out swinging
|
Top of the 2nd over - 0 runs, 0 hits, 0 errors, 0 left on base; Nashville 0 - Thunder Bay 4 |
BOTTOM OF THE 2ND |
Thunder Bay Northern Lions BC batting - Pitching for Nashville Outlaws : LHP Craig Fitzgerald
|
Batting: RHB Joe Aller
|
0-0: Ground out 1-3 (Groundball, 34S, EV 75.6 MPH)
|
Batting: LHB Ramón Padilla
|
0-0: Ball 1-0: Ball 2-0: Swinging Strike 2-1: Foul Ball, location: 2F 2-2: Ground out 5-3 (Groundball, 56, EV 106.9 MPH)
|
Batting: LHB Jorge Herrera
|
0-0: Ball 1-0: Called Strike 1-1: Swinging Strike 1-2: Foul Ball, location: 2F 1-2: Ball 2-2: Ball 3-2: Fly out, F9 (Line Drive, 9, EV 92.5 MPH)
|
Bottom of the 2nd over - 0 runs, 0 hits, 0 errors, 0 left on base; Nashville 0 - Thunder Bay 4 |
TOP OF THE 3RD |
Nashville Outlaws batting - Pitching for Thunder Bay Northern Lions BC : RHP Sakutaro Ohayashi
|
Batting: LHB Juan Caro
|
0-0: Ground out 1-3 (Groundball, 34S, EV 88.1 MPH)
|
Batting: LHB Wilson Hernández
|
0-0: Called Strike 0-1: Foul Ball, location: 2F 0-2: Ball 1-2: Ball 2-2: Fly out, F9 (Flyball, 9LS, EV 95.6 MPH)
|
Batting: LHB Seung-min Sin
|
0-0: Called Strike 0-1: Ball 1-1: Called Strike 1-2: Strikes out swinging
|
Top of the 3rd over - 0 runs, 0 hits, 0 errors, 0 left on base; Nashville 0 - Thunder Bay 4 |
BOTTOM OF THE 3RD |
Thunder Bay Northern Lions BC batting - Pitching for Nashville Outlaws : LHP Craig Fitzgerald
|
Batting: RHB Jason Slaybaugh
|
0-0: Called Strike 0-1: Ball 1-1: SOLO HOME RUN (Line Drive, 7D, EV 101.9 MPH), Distance : 397 ft
|
Batting: RHB Hsi-men King
|
0-0: Ball 1-0: SINGLE (Groundball, 6MD, EV 96.9 MPH)
|
Batting: RHB Naganori Takahashi
|
0-0: Fly out, F9 (Line Drive, 9D, EV 93.8 MPH)
|
Batting: LHB Kevin de Bruyne
|
0-0: Foul Ball, location: 2F 0-1: Ball 1-1: Ball 2-1: Grounds into double play, 4-6-3 (Groundball, 4, EV 93.1 MPH)
|
Bottom of the 3rd over - 1 run, 2 hits, 0 errors, 0 left on base; Nashville 0 - Thunder Bay 5 |
TOP OF THE 4TH |
Nashville Outlaws batting - Pitching for Thunder Bay Northern Lions BC : RHP Sakutaro Ohayashi
|
Batting: LHB Bartolo Soto
|
0-0: Ball 1-0: SINGLE (Groundball, 34D, EV 95.0 MPH)
|
Batting: RHB Dale Goodman
|
0-0: Fly out, F7 (Line Drive, 7, EV 106.9 MPH)
|
Batting: RHB Jerry Yates
|
0-0: Ball Bartolo Soto steals 2nd base 1-0: Ball 2-0: Called Strike 2-1: Ball 3-1: Called Strike 3-2: Strikes out swinging
|
Batting: RHB Javier Sierra
|
0-0: Swinging Strike 0-1: Ball 1-1: Ball 2-1: Ball 3-1: Foul Ball, location: 2F 3-2: Strikes out swinging
|
Top of the 4th over - 0 runs, 1 hit, 0 errors, 1 left on base; Nashville 0 - Thunder Bay 5 |
BOTTOM OF THE 4TH |
Thunder Bay Northern Lions BC batting - Pitching for Nashville Outlaws : LHP Craig Fitzgerald
|
Batting: LHB Barry Flauker
|
0-0: Foul Ball, location: 2F 0-1: DOUBLE (Flyball, 8RXD, EV 107.5 MPH)
|
Batting: LHB Tullu Amaad
|
0-0: SINGLE (Groundball, 34D, EV 106.9 MPH) Barry Flauker to third Runner from 3rd tries for Home, SAFE, throw by RF to home
|
Pitching: RHP Jack Joyner
|
|
Batting: RHB Joe Aller
|
0-0: Called Strike 0-1: Ball 1-1: Fly out, F8 (Flyball, 78M, EV 88.8 MPH)
|
Batting: LHB Ramón Padilla
|
0-0: Ball 1-0: Fly out, F1 (Line Drive, P, EV 65.6 MPH)
|
Batting: LHB Jorge Herrera
|
0-0: Called Strike 0-1: Called Strike 0-2: Ball 1-2: Strikes out looking
|
Bottom of the 4th over - 1 run, 2 hits, 0 errors, 1 left on base; Nashville 0 - Thunder Bay 6 |
TOP OF THE 5TH |
Nashville Outlaws batting - Pitching for Thunder Bay Northern Lions BC : RHP Sakutaro Ohayashi
|
Batting: LHB Tom Burton
|
0-0: Ball 1-0: Called Strike 1-1: Ball 2-1: Called Strike 2-2: Foul Ball, location: 2F 2-2: Strikes out looking
|
Batting: RHB Sadakuno Hashimoto
|
0-0: Ball 1-0: Ball 2-0: Called Strike 2-1: Ball 3-1: Reached on error, E6 (Groundball, 6, EV 100.6 MPH)
|
Batting: LHB Juan Caro
|
0-0: Called Strike 0-1: Ball 1-1: Called Strike 1-2: Foul Ball, location: 2F 1-2: Ball 2-2: Fly out, F5 (Popup, 5F, EV 68.8 MPH)
|
Batting: LHB Wilson Hernández
|
0-0: Called Strike Sadakuno Hashimoto steals 2nd base (no throw) 0-1: Called Strike 0-2: Ball 1-2: Strikes out swinging
|
Top of the 5th over - 0 runs, 0 hits, 1 error, 1 left on base; Nashville 0 - Thunder Bay 6 |
BOTTOM OF THE 5TH |
Thunder Bay Northern Lions BC batting - Pitching for Nashville Outlaws : RHP Jack Joyner
|
Batting: RHB Jason Slaybaugh
|
0-0: Ball 1-0: Swinging Strike 1-1: Ball 2-1: Ball 3-1: Called Strike 3-2: Base on Balls
|
Batting: RHB Hsi-men King
|
0-0: Ball 1-0: Ball 2-0: Ball 3-0: Called Strike 3-1: Foul Ball, location: 2F 3-2: Foul Ball, location: 2F 3-2: Fly out, F8 (Flyball, 8RD, EV 88.8 MPH)
|
Batting: RHB Naganori Takahashi
|
0-0: Called Strike 0-1: Ball 1-1: Grounds into double play, 6-4-3 (Groundball, 6, EV 96.9 MPH)
|
Bottom of the 5th over - 0 runs, 0 hits, 0 errors, 0 left on base; Nashville 0 - Thunder Bay 6 |
TOP OF THE 6TH |
Nashville Outlaws batting - Pitching for Thunder Bay Northern Lions BC : RHP Sakutaro Ohayashi
|
Batting: LHB Seung-min Sin
|
0-0: Ground out U3 (Groundball, 3, EV 99.4 MPH)
|
Batting: LHB Bartolo Soto
|
0-0: DOUBLE (Line Drive, 8LD, EV 100.0 MPH)
|
Batting: RHB Dale Goodman
|
0-0: Ball 1-0: Called Strike 1-1: Ground out 6-3 (Groundball, 6M, EV 104.4 MPH) Bartolo Soto to third
|
Batting: RHB Jerry Yates
|
0-0: Foul Ball, location: 2F 0-1: Ball 1-1: Fly out, F9 (Flyball, 89M, EV 82.5 MPH)
|
Top of the 6th over - 0 runs, 1 hit, 0 errors, 1 left on base; Nashville 0 - Thunder Bay 6 |
BOTTOM OF THE 6TH |
Thunder Bay Northern Lions BC batting - Pitching for Nashville Outlaws : RHP Jack Joyner
|
Batting: LHB Kevin de Bruyne
|
0-0: Ball 1-0: DOUBLE (Line Drive, 78D, EV 107.5 MPH)
|
Batting: LHB Barry Flauker
|
0-0: Called Strike 0-1: Ball 1-1: DOUBLE (Line Drive, 8RD, EV 106.2 MPH) Kevin de Bruyne scores
|
Batting: LHB Tullu Amaad
|
0-0: Called Strike 0-1: Foul Ball, location: 2F 0-2: Ball 1-2: Ball 2-2: Foul Ball, location: 2F 2-2: Foul Ball, location: 2F 2-2: Fly out, F8 (Line Drive, 8RD, EV 91.9 MPH)
|
Pitching: RHP Masaharu Sakata
|
|
Batting: RHB Joe Aller
|
0-0: Called Strike 0-1: TRIPLE (Flyball, 78XD, EV 100.0 MPH) Barry Flauker scores
|
Batting: LHB Ramón Padilla
|
0-0: Ball 1-0: Ball 2-0: Called Strike 2-1: Ball 3-1: Called Strike 3-2: Base on Balls
|
Batting: LHB Jorge Herrera
|
0-0: Ball 1-0: Called Strike 1-1: Swinging Strike 1-2: Foul Ball, location: 2F 1-2: Ball 2-2: Strikes out looking
|
Batting: RHB Jason Slaybaugh
|
0-0: Ball 1-0: Ball 2-0: Ball 3-0: Base on Balls Ramón Padilla to second
|
Batting: RHB Hsi-men King
|
0-0: Fielders Choice at 2nd, 6-4 (Groundball, 6, EV 86.2 MPH)
|
Bottom of the 6th over - 2 runs, 3 hits, 0 errors, 3 left on base; Nashville 0 - Thunder Bay 8 |
TOP OF THE 7TH |
Nashville Outlaws batting - Pitching for Thunder Bay Northern Lions BC : RHP Sakutaro Ohayashi
|
Batting: RHB Javier Sierra
|
0-0: Ground out U3 (Groundball, 34, EV 83.1 MPH)
|
Pinch Hitting: LHB Myron Rosenbalm
|
0-0: Called Strike 0-1: Ball 1-1: Ball 2-1: Ball 3-1: Base on Balls
|
Batting: RHB Sadakuno Hashimoto
|
0-0: Ball 1-0: Ball 2-0: Ball 3-0: Called Strike 3-1: Called Strike 3-2: Fly out, F9 (Flyball, 89S, EV 71.2 MPH)
|
Batting: LHB Juan Caro
|
0-0: Called Strike 0-1: Fielders Choice at 2nd, 5-4 (Groundball, 5, EV 83.1 MPH)
|
Top of the 7th over - 0 runs, 0 hits, 0 errors, 1 left on base; Nashville 0 - Thunder Bay 8 |
BOTTOM OF THE 7TH |
Thunder Bay Northern Lions BC batting - Pitching for Nashville Outlaws : RHP Masaharu Sakata
|
Now at 1B: Myron Rosenbalm
|
|
Batting: RHB Naganori Takahashi
|
0-0: Ball 1-0: Called Strike 1-1: Ball 2-1: SINGLE (Groundball, 34S, EV 69.4 MPH) (infield hit)
|
Pinch Hitting: RHB Rusty Fox
|
0-0: Ball 1-0: Ball 2-0: Foul Ball, location: 2F 2-1: Called Strike 2-2: Strikes out swinging
|
Batting: LHB Barry Flauker
|
0-0: Grounds into double play, 6-4-3 (Groundball, 6, EV 84.4 MPH)
|
Bottom of the 7th over - 0 runs, 1 hit, 0 errors, 0 left on base; Nashville 0 - Thunder Bay 8 |
TOP OF THE 8TH |
Nashville Outlaws batting - Pitching for Thunder Bay Northern Lions BC : RHP Sakutaro Ohayashi
|
Now at 2B: Rusty Fox
|
|
Batting: LHB Wilson Hernández
|
0-0: Called Strike 0-1: Ball 1-1: Foul Ball, location: 2F 1-2: Ball 2-2: Foul Ball, location: 2F 2-2: Ground out 4-3 (Groundball, 4, EV 104.4 MPH)
|
Batting: LHB Seung-min Sin
|
0-0: Ball 1-0: Ground out 1-3 (Groundball, 23, EV 61.2 MPH)
|
Pinch Hitting: LHB Bora Garasanin
|
0-0: Ball 1-0: Ball 2-0: Foul Ball, location: 2F 2-1: Swinging Strike 2-2: Ball 3-2: SINGLE (Flyball, 7LS, EV 94.4 MPH)
|
Batting: RHB Dale Goodman
|
0-0: Called Strike 0-1: Ball 1-1: SINGLE (Groundball, 56D, EV 95.6 MPH) Bora Garasanin to second
|
Batting: RHB Jerry Yates
|
0-0: Ball 1-0: Ball 2-0: Called Strike 2-1: Swinging Strike 2-2: Fly out, F8 (Flyball, 8LD, EV 104.4 MPH)
|
Top of the 8th over - 0 runs, 2 hits, 0 errors, 2 left on base; Nashville 0 - Thunder Bay 8 |
BOTTOM OF THE 8TH |
Thunder Bay Northern Lions BC batting - Pitching for Nashville Outlaws : RHP Masaharu Sakata
|
Now in RF: Bora Garasanin
|
|
Batting: LHB Tullu Amaad
|
0-0: Called Strike 0-1: Foul Ball, location: 2F 0-2: Fly out, F8 (Flyball, 89D, EV 85.0 MPH)
|
Batting: RHB Joe Aller
|
0-0: Ball 1-0: Ball 2-0: Called Strike 2-1: SOLO HOME RUN (Flyball, 9LD, EV 106.2 MPH), Distance : 337 ft
|
Batting: LHB Ramón Padilla
|
0-0: Ball 1-0: SINGLE (Line Drive, 7S, EV 105.6 MPH)
|
Pitching: RHP Cheung Lai
|
|
Batting: LHB Jorge Herrera
|
0-0: Swinging Strike 0-1: Ball 1-1: Swinging Strike 1-2: Strikes out swinging
|
Batting: RHB Jason Slaybaugh
|
0-0: Fly out, F8 (Flyball, 8RM, EV 93.1 MPH)
|
Bottom of the 8th over - 1 run, 2 hits, 0 errors, 1 left on base; Nashville 0 - Thunder Bay 9 |
TOP OF THE 9TH |
Nashville Outlaws batting - Pitching for Thunder Bay Northern Lions BC : RHP Sakutaro Ohayashi
|
Pitching: LHP Santiago Pérez
|
|
Batting: RHB Javier Sierra
|
0-0: Called Strike 0-1: Ball 1-1: Foul Ball, location: 2F 1-2: Foul Ball, location: 2F 1-2: Ball 2-2: SINGLE (Line Drive, 3D, EV 104.4 MPH)
|
Batting: LHB Myron Rosenbalm
|
0-0: Ball 1-0: Swinging Strike 1-1: Ball 2-1: Fly out, F8 (Flyball, 89M, EV 91.2 MPH)
|
Batting: RHB Sadakuno Hashimoto
|
0-0: Called Strike 0-1: Ball 1-1: Foul Ball, location: 2F 1-2: Ball 2-2: Fielders Choice at 2nd, 4-6 (Groundball, 4MS, EV 83.1 MPH)
|
Batting: LHB Juan Caro
|
0-0: Ball 1-0: Called Strike 1-1: Ball 2-1: Fly out, F5 (Line Drive, 5, EV 76.9 MPH)
|
Top of the 9th over - 0 runs, 1 hit, 0 errors, 1 left on base; Nashville 0 - Thunder Bay 9 |
|